MLB
TAMPA BAY RAYS @ NEW YORK (A) YANKEES
06/21/2041
 
TOP OF THE 1ST
Tampa Bay Rays batting - Pitching for New York (A) Yankees : RHP Ed Carr
Pitching: RHP Ed Carr
Batting: RHB Jim Thompson 0-0: Ball
1-0: Called Strike
1-1: Ball
2-1: Foul Ball, location: 9LSF
2-2: Foul Ball, location: 2F
2-2: Foul Ball, location: 2F
2-2: Strikes out looking
Batting: LHB Luis López 0-0: Ball
1-0: Swinging Strike
1-1: Swinging Strike
1-2: Strikes out swinging
Batting: RHB Sergio Rodríguez 0-0: Ground out 5-3 (Groundball, 56S, EV 72.5 MPH)
Top of the 1st over - 0 runs, 0 hits, 0 errors, 0 left on base; Tampa Bay 0 - New York (A) 0
BOTTOM OF THE 1ST
New York (A) Yankees batting - Pitching for Tampa Bay Rays : RHP Cristo Rivera
Pitching: RHP Cristo Rivera
Batting: LHB Johnny Erwin 0-0: DOUBLE (Flyball, 78XD, EV 111.3 MPH)
Batting: LHB Esteban Morán 0-0: Called Strike
0-1: SINGLE (Flyball, 8RS, EV 95.6 MPH)
Johnny Erwin to third
Batting: LHB Derek Allen 0-0: Ball
1-0: Called Strike
1-1: SINGLE (Groundball, 34, EV 98.1 MPH)
Johnny Erwin scores
Esteban Morán to second
Runner from 2nd tries for 3rd, SAFE, throw by RF made to third
Batting: SHB Rodrigo López 0-0: Called Strike
Pickoff Throw to First - Error! E1
Esteban Morán scores
Derek Allen to second
0-1: Called Strike
0-2: Ball
1-2: Ball
2-2: Ball
3-2: Strikes out swinging
Batting: RHB Sumitomo Nakamura 0-0: Fly out, F8 (Flyball, 8RD, EV 104.4 MPH)
Batting: RHB Gene Russell 0-0: Ball
1-0: Fly out, F7 (Flyball, 78M, EV 90.0 MPH)
Bottom of the 1st over - 2 runs, 3 hits, 1 error, 1 left on base; Tampa Bay 0 - New York (A) 2
TOP OF THE 2ND
Tampa Bay Rays batting - Pitching for New York (A) Yankees : RHP Ed Carr
Batting: SHB António Rodríguez 0-0: Called Strike
0-1: Ball
1-1: Called Strike
1-2: Ball
2-2: Ball
3-2: Strikes out swinging
Batting: RHB Rory Cochran 0-0: Ball
1-0: Foul Ball, location: 2F
1-1: Ball
2-1: Ball
3-1: Base on Balls
Batting: LHB Jonathan Adams 0-0: Grounds into double play, 6-4-3 (Groundball, 6D, EV 78.8 MPH)
Top of the 2nd over - 0 runs, 0 hits, 0 errors, 0 left on base; Tampa Bay 0 - New York (A) 2
BOTTOM OF THE 2ND
New York (A) Yankees batting - Pitching for Tampa Bay Rays : RHP Cristo Rivera
Batting: RHB Juan Colón 0-0: Ball
1-0: Swinging Strike
1-1: Ball
2-1: Ground out 6-3 (Groundball, 6, EV 84.4 MPH)
Batting: RHB Benjamim Futscher 0-0: SINGLE (Line Drive, 56D, EV 99.4 MPH)
Batting: RHB José Mendoza 0-0: Ball
Benjamim Futscher steals 2nd base
1-0: Called Strike
1-1: Swinging Strike
1-2: SINGLE (Line Drive, 8LS, EV 88.1 MPH)
Benjamim Futscher to third
Batting: LHB Johnny Erwin 0-0: Ball
1-0: Called Strike
1-1: Foul Ball, location: 9LSF
1-2: Strikes out swinging
Batting: LHB Esteban Morán 0-0: Ball
1-0: Ground out 4-3 (Groundball, 4, EV 84.4 MPH)
Bottom of the 2nd over - 0 runs, 2 hits, 0 errors, 2 left on base; Tampa Bay 0 - New York (A) 2
TOP OF THE 3RD
Tampa Bay Rays batting - Pitching for New York (A) Yankees : RHP Ed Carr
Batting: RHB Juan Díaz 0-0: Ball
1-0: Ground out 1-3 (Groundball, 34S, EV 70.6 MPH)
Batting: LHB Sancho Huerta 0-0: Called Strike
0-1: Ball
1-1: Called Strike
1-2: Foul Ball, location: 7LDF
1-2: Ball
2-2: Ball
3-2: Strikes out swinging
Batting: RHB Bo McCall 0-0: Called Strike
0-1: Fly out, F7 (Line Drive, 7, EV 100.0 MPH)
Top of the 3rd over - 0 runs, 0 hits, 0 errors, 0 left on base; Tampa Bay 0 - New York (A) 2
BOTTOM OF THE 3RD
New York (A) Yankees batting - Pitching for Tampa Bay Rays : RHP Cristo Rivera
Batting: LHB Derek Allen 0-0: Ball
1-0: Ball
2-0: Called Strike
2-1: Foul Ball, location: 9LSFF
2-2: Foul Ball, location: 3DF
2-2: Foul Ball, location: 3FF
2-2: Strikes out swinging
Batting: SHB Rodrigo López 0-0: Ball
1-0: Swinging Strike
1-1: Foul Ball, location: 3FF
1-2: Ball
2-2: Ball
3-2: Fly out, F7 (Flyball, 78M, EV 85.0 MPH)
Batting: RHB Sumitomo Nakamura 0-0: Ball
1-0: Ground out 1-3 (Groundball, 13S, EV 65.6 MPH)
Bottom of the 3rd over - 0 runs, 0 hits, 0 errors, 0 left on base; Tampa Bay 0 - New York (A) 2
TOP OF THE 4TH
Tampa Bay Rays batting - Pitching for New York (A) Yankees : RHP Ed Carr
Batting: RHB Jim Thompson 0-0: Called Strike
0-1: Fly out, F8 (Flyball, 8LD, EV 86.9 MPH)
Batting: LHB Luis López 0-0: Ball
1-0: Fly out, F9 (Flyball, 89S, EV 92.5 MPH)
Batting: RHB Sergio Rodríguez 0-0: Foul Ball, location: 9LDF
0-1: Fly out, F9 (Flyball, 9, EV 84.4 MPH)
Top of the 4th over - 0 runs, 0 hits, 0 errors, 0 left on base; Tampa Bay 0 - New York (A) 2
BOTTOM OF THE 4TH
New York (A) Yankees batting - Pitching for Tampa Bay Rays : RHP Cristo Rivera
Batting: RHB Gene Russell 0-0: Called Strike
0-1: Ball
1-1: Swinging Strike
1-2: Ball
2-2: SINGLE (Groundball, 4MD, EV 101.9 MPH)
Batting: RHB Juan Colón 0-0: Bunted foul
0-1: Ball
1-1: Sac Bunt - play at second, runner OUT -> throw to first, DP!
Batting: RHB Benjamim Futscher 0-0: Foul Ball, location: 7LDF
0-1: Ball
1-1: Ball
2-1: SINGLE (Groundball, 25, EV 67.5 MPH) (infield hit)
Batting: RHB José Mendoza 0-0: Called Strike
0-1: Foul Ball, location: 5F
0-2: Strikes out swinging
Bottom of the 4th over - 0 runs, 2 hits, 0 errors, 1 left on base; Tampa Bay 0 - New York (A) 2
TOP OF THE 5TH
Tampa Bay Rays batting - Pitching for New York (A) Yankees : RHP Ed Carr
Batting: SHB António Rodríguez 0-0: Called Strike
0-1: Swinging Strike
0-2: Ball
1-2: Ball
2-2: Foul Ball, location: 9LMF
2-2: Strikes out swinging
Batting: RHB Rory Cochran 0-0: Ball
1-0: Called Strike
1-1: Ball
2-1: Swinging Strike
2-2: Strikes out swinging
Batting: LHB Jonathan Adams 0-0: Fly out, F7 (Flyball, 78M, EV 96.3 MPH)
Top of the 5th over - 0 runs, 0 hits, 0 errors, 0 left on base; Tampa Bay 0 - New York (A) 2
BOTTOM OF THE 5TH
New York (A) Yankees batting - Pitching for Tampa Bay Rays : RHP Cristo Rivera
Batting: LHB Johnny Erwin 0-0: Swinging Strike
0-1: Ball
1-1: Ball
2-1: Fly out, F7 (Flyball, 7, EV 98.8 MPH)
Batting: LHB Esteban Morán 0-0: Swinging Strike
0-1: Ground out 6-3 (Groundball, 6, EV 88.1 MPH)
Batting: LHB Derek Allen 0-0: Ball
1-0: Foul Ball, location: 23F
1-1: Called Strike
1-2: Ball
2-2: SINGLE (Groundball, 34D, EV 101.3 MPH)
Batting: SHB Rodrigo López 0-0: Called Strike
0-1: Ball
1-1: Foul Ball, location: 23F
1-2: Ball
2-2: Ball
3-2: Fly out, F8 (Flyball, 78D, EV 92.5 MPH)
Bottom of the 5th over - 0 runs, 1 hit, 0 errors, 1 left on base; Tampa Bay 0 - New York (A) 2
TOP OF THE 6TH
Tampa Bay Rays batting - Pitching for New York (A) Yankees : RHP Ed Carr
Batting: RHB Juan Díaz 0-0: Ball
1-0: Foul Ball, location: 9LSF
1-1: Swinging Strike
1-2: Strikes out swinging
Batting: LHB Sancho Huerta 0-0: Called Strike
0-1: Ball
1-1: Ball
2-1: Ball
3-1: Fly out, F8 (Flyball, 78S, EV 91.3 MPH)
Batting: RHB Bo McCall 0-0: Foul Ball, location: 9LDF
0-1: SINGLE (Line Drive, 89S, EV 91.3 MPH)
Batting: RHB Jim Thompson 0-0: Ball
1-0: Foul Ball, location: 3F
1-1: Called Strike
Bo McCall steals 2nd base
1-2: Ball
2-2: Strikes out swinging
Top of the 6th over - 0 runs, 1 hit, 0 errors, 1 left on base; Tampa Bay 0 - New York (A) 2
BOTTOM OF THE 6TH
New York (A) Yankees batting - Pitching for Tampa Bay Rays : RHP Cristo Rivera
Batting: RHB Sumitomo Nakamura 0-0: Ground out 4-3 (Groundball, 4, EV 85.0 MPH)
Batting: RHB Gene Russell 0-0: Ball
1-0: Ball
2-0: Foul Ball, location: 5FF
2-1: Ground out 6-3 (Groundball, 6, EV 86.3 MPH)
Batting: RHB Juan Colón 0-0: Ball
1-0: Called Strike
1-1: Ball
2-1: Ball
3-1: Base on Balls
Batting: RHB Benjamim Futscher 0-0: Ball
1-0: Fielders Choice at 2nd, U6 (Groundball, 6M, EV 85.0 MPH)
Bottom of the 6th over - 0 runs, 0 hits, 0 errors, 1 left on base; Tampa Bay 0 - New York (A) 2
TOP OF THE 7TH
Tampa Bay Rays batting - Pitching for New York (A) Yankees : RHP Ed Carr
Batting: LHB Luis López 0-0: Called Strike
0-1: Ball
1-1: Fly out, F9 (Flyball, 89D, EV 90.0 MPH)
Batting: RHB Sergio Rodríguez 0-0: Called Strike
0-1: Foul Ball, location: 2F
0-2: Strikes out looking
Batting: SHB António Rodríguez 0-0: Called Strike
0-1: Called Strike
0-2: Foul Ball, location: 2F
0-2: Ball
1-2: SINGLE (Groundball, 34D, EV 104.4 MPH)
Batting: RHB Rory Cochran 0-0: Ball
1-0: Called Strike
1-1: Swinging Strike
1-2: SINGLE (Groundball, 6MD, EV 95.6 MPH)
António Rodríguez to second
Batting: LHB Jonathan Adams 0-0: Fielders Choice at 2nd, 6-4 (Groundball, 6, EV 81.9 MPH)
Top of the 7th over - 0 runs, 2 hits, 0 errors, 2 left on base; Tampa Bay 0 - New York (A) 2
BOTTOM OF THE 7TH
New York (A) Yankees batting - Pitching for Tampa Bay Rays : RHP Cristo Rivera
Batting: RHB José Mendoza 0-0: Ball
1-0: Ball
2-0: DOUBLE (Flyball, 9LD, EV 100.6 MPH)
Batting: LHB Johnny Erwin 0-0: Swinging Strike
0-1: Ground out 3-1 (Groundball, 34, EV 91.9 MPH)
José Mendoza to third
Batting: LHB Esteban Morán 0-0: Called Strike
0-1: Fielders Choice at home, 4-2 (Groundball, 4, EV 82.5 MPH)
Batting: LHB Derek Allen 0-0: Fly out, F9 (Flyball, 89M, EV 92.5 MPH)
Bottom of the 7th over - 0 runs, 1 hit, 0 errors, 1 left on base; Tampa Bay 0 - New York (A) 2
TOP OF THE 8TH
Tampa Bay Rays batting - Pitching for New York (A) Yankees : RHP Ed Carr
Batting: RHB Juan Díaz 0-0: Called Strike
0-1: Ball
1-1: Fly out, F9 (Flyball, 9S, EV 96.3 MPH)
Batting: LHB Sancho Huerta 0-0: Ball
1-0: Ball
2-0: Foul Ball, location: 3FF
2-1: Ball
3-1: Base on Balls
Batting: RHB Bo McCall 0-0: Grounds into double play, 5-4-3 (Groundball, 56, EV 110.6 MPH)
Top of the 8th over - 0 runs, 0 hits, 0 errors, 0 left on base; Tampa Bay 0 - New York (A) 2
BOTTOM OF THE 8TH
New York (A) Yankees batting - Pitching for Tampa Bay Rays : RHP Cristo Rivera
Pitching: RHP Anastasio Soto
Batting: SHB Rodrigo López 0-0: Called Strike
0-1: Fly out, F7 (Flyball, 78M, EV 85.0 MPH)
Batting: RHB Sumitomo Nakamura 0-0: Ball
1-0: Ground out U3 (Groundball, 3, EV 103.1 MPH)
Batting: RHB Gene Russell 0-0: Ball
1-0: Ball
2-0: Ball
3-0: Called Strike
3-1: Foul Ball, location: 2F
3-2: Base on Balls
Batting: RHB Juan Colón 0-0: Called Strike
0-1: Swinging Strike
0-2: Foul Ball, location: 3SF
0-2: Foul Ball, location: 3F
0-2: Strikes out looking
Bottom of the 8th over - 0 runs, 0 hits, 0 errors, 1 left on base; Tampa Bay 0 - New York (A) 2
TOP OF THE 9TH
Tampa Bay Rays batting - Pitching for New York (A) Yankees : RHP Ed Carr
Pitching: RHP Norm Collins
Now at 1B: Ron Washington
Now in LF: David Cedeño
Batting: RHB Jim Thompson 0-0: SINGLE (Groundball, 34D, EV 103.8 MPH)
Batting: LHB Luis López 0-0: Ball
1-0: Fly out, F5 (Popup, 6S, EV 79.4 MPH)
Pinch Hitting: SHB Juan Longoria 0-0: Swinging Strike
0-1: Ball
1-1: SINGLE (Line Drive, 7S, EV 110.0 MPH)
Jim Thompson to second
Batting: SHB António Rodríguez 0-0: Swinging Strike
0-1: Called Strike
0-2: Strikes out looking
Batting: RHB Rory Cochran 0-0: Ball
1-0: Ball
2-0: 3-RUN HOME RUN (Flyball, 7D, EV 96.9 MPH), Distance : 382 ft
Batting: LHB Jonathan Adams 0-0: Ball
1-0: Called Strike
1-1: Foul Ball, location: 7LSF
1-2: Foul Ball, location: 7LSF
1-2: Strikes out swinging
Top of the 9th over - 3 runs, 3 hits, 0 errors, 0 left on base; Tampa Bay 3 - New York (A) 2
BOTTOM OF THE 9TH
New York (A) Yankees batting - Pitching for Tampa Bay Rays : RHP Anastasio Soto
Now at 3B: Jorge Luján
Now at SS: Bo McCall
Batting: RHB Benjamim Futscher 0-0: Fly out, F7 (Line Drive, 7, EV 106.9 MPH)
Batting: RHB José Mendoza 0-0: Called Strike
0-1: Ball
1-1: Foul Ball, location: 2F
1-2: Strikes out swinging
Batting: LHB Johnny Erwin 0-0: Ball
1-0: Ball
2-0: Called Strike
2-1: Ball
3-1: Base on Balls
Batting: LHB Esteban Morán 0-0: Ball
1-0: Fly out, F6 (Popup, 6D, EV 71.9 MPH)
Bottom of the 9th over - 0 runs, 0 hits, 0 errors, 1 left on base; Tampa Bay 3 - New York (A) 2
Sunday, March 24th , 2024 - OOTP Baseball 24.10 Build 82